| TOP OF THE 1ST |
|
Greenville Drive batting - Pitching for Burlington Bees : RHP Chris DePalma
|
|
Pitching: RHP Chris DePalma
|
|
|
Batting: LHB Stanislav Parusov
|
0-0: Called Strike 0-1: SINGLE (Groundball, 4M, EV 100.6 MPH) (infield hit)
|
|
Batting: RHB Larry Brocato
|
0-0: Called Strike 0-1: Fielders Choice at 2nd, 4-6 (Groundball, 4, EV 82.5 MPH)
|
|
Batting: SHB Carter Cromsie
|
0-0: Called Strike 0-1: Called Strike 0-2: Ball 1-2: Ball 2-2: Strikes out swinging
|
|
Batting: LHB Nelis Geurts
|
0-0: Ball 1-0: Foul Ball, location: 2F 1-1: Fly out, F7 (Flyball, 7LD, EV 90.0 MPH)
|
| Top of the 1st over - 0 runs, 1 hit, 0 errors, 1 left on base; Greenville 0 - Burlington 0 |
| BOTTOM OF THE 1ST |
|
Burlington Bees batting - Pitching for Greenville Drive : LHP Chris Deans
|
|
Pitching: LHP Chris Deans
|
|
|
Batting: RHB Ryan Munro
|
0-0: Foul Ball, location: 2F 0-1: Ground out 4-3 (Groundball, 34, EV 93.8 MPH)
|
|
Batting: RHB Jon Griffin
|
0-0: Foul Ball, location: 2F 0-1: Ball 1-1: Swinging Strike 1-2: Foul Ball, location: 2F 1-2: Ball 2-2: Ground out 5-3 (Groundball, 5L, EV 105.0 MPH)
|
|
Batting: LHB Griffin Ferris
|
0-0: Called Strike 0-1: Called Strike 0-2: Ball 1-2: Foul Ball, location: 2F 1-2: Ball 2-2: Foul Ball, location: 2F 2-2: Foul Ball, location: 2F 2-2: Foul Ball, location: 2F 2-2: Foul Ball, location: 2F 2-2: Strikes out swinging
|
| Bottom of the 1st over - 0 runs, 0 hits, 0 errors, 0 left on base; Greenville 0 - Burlington 0 |
| TOP OF THE 2ND |
|
Greenville Drive batting - Pitching for Burlington Bees : RHP Chris DePalma
|
|
Batting: RHB David Norum
|
0-0: Called Strike 0-1: Foul Ball, location: 2F 0-2: Strikes out swinging
|
|
Batting: SHB Greg Shaw
|
0-0: Ball 1-0: Ball 2-0: Foul Ball, location: 2F 2-1: Swinging Strike 2-2: Ball 3-2: Base on Balls
|
|
Batting: RHB Joel Vazquez
|
0-0: Ball 1-0: Foul Ball, location: 2F 1-1: Ball 2-1: Ball 3-1: Base on Balls Greg Shaw to second
|
|
Batting: RHB Ted Emmerich
|
0-0: Foul Ball, location: 2F 0-1: Ball 1-1: SINGLE (Groundball, 4D, EV 105.0 MPH) Greg Shaw to third Joel Vazquez to second
|
|
Batting: RHB Rogelio Cervantes
|
0-0: Ball 1-0: Foul Ball, location: 2F 1-1: Grounds into double play, 4-6-3 (Groundball, 34, EV 86.9 MPH)
|
| Top of the 2nd over - 0 runs, 1 hit, 0 errors, 2 left on base; Greenville 0 - Burlington 0 |
| BOTTOM OF THE 2ND |
|
Burlington Bees batting - Pitching for Greenville Drive : LHP Chris Deans
|
|
Batting: LHB Brett Bugge
|
0-0: Called Strike 0-1: Ground out 6-3 (Groundball, 56, EV 91.9 MPH)
|
|
Batting: LHB Matthew Bale
|
0-0: Foul Ball, location: 2F 0-1: SINGLE (Groundball, 25, EV 71.9 MPH) (infield hit)
|
|
Batting: RHB Kinya Nishimura
|
0-0: Called Strike Matthew Bale steals 2nd base 0-1: Ball 1-1: DOUBLE (Groundball, 5L, EV 106.9 MPH) Matthew Bale scores
|
|
Batting: RHB Peter Westover
|
0-0: Ground out 5-3 (Groundball, 5, EV 78.1 MPH)
|
|
Batting: RHB Dean LeCroy
|
0-0: SINGLE (Line Drive, 56, EV 94.4 MPH) Kinya Nishimura to third Runner from 3rd tries for Home, SAFE, throw by LF to home Dean LeCroy to second
|
|
Batting: RHB Bryan Payne
|
0-0: SINGLE (Line Drive, 4M, EV 96.9 MPH) Dean LeCroy to third Throwing error, E8 Dean LeCroy scores Bryan Payne to second
|
|
Batting: RHB Ryan Munro
|
0-0: Called Strike 0-1: SINGLE (Line Drive, 8LS, EV 105.0 MPH) Bryan Payne to third Runner from 3rd tries for Home, SAFE, throw by CF to home Ryan Munro to second
|
|
Batting: RHB Jon Griffin
|
0-0: Foul Ball, location: 2F 0-1: Foul Ball, location: 2F 0-2: SINGLE (Groundball, 56D, EV 94.4 MPH) Ryan Munro to third Runner from 3rd tries for Home, SAFE, throw by LF to home
|
|
Batting: LHB Griffin Ferris
|
0-0: Ball 1-0: Foul Ball, location: 2F 1-1: Swinging Strike 1-2: Strikes out looking
|
| Bottom of the 2nd over - 5 runs, 6 hits, 1 error, 1 left on base; Greenville 0 - Burlington 5 |
| TOP OF THE 3RD |
|
Greenville Drive batting - Pitching for Burlington Bees : RHP Chris DePalma
|
|
Batting: LHB Stanislav Parusov
|
0-0: Called Strike 0-1: Ball 1-1: Ball 2-1: SINGLE (Groundball, 4D, EV 95.0 MPH)
|
|
Batting: RHB Larry Brocato
|
0-0: Called Strike Stanislav Parusov is caught stealing 2nd base 2-4 0-1: Foul Ball, location: 2F 0-2: Ball 1-2: Ground out 4-3 (Groundball, 4, EV 86.2 MPH)
|
|
Batting: SHB Carter Cromsie
|
0-0: Foul Ball, location: 2F 0-1: Ground out 5-3 (Groundball, 25, EV 81.9 MPH)
|
| Top of the 3rd over - 0 runs, 1 hit, 0 errors, 0 left on base; Greenville 0 - Burlington 5 |
| BOTTOM OF THE 3RD |
|
Burlington Bees batting - Pitching for Greenville Drive : LHP Chris Deans
|
|
Batting: LHB Brett Bugge
|
0-0: Ball 1-0: Fly out, F9 (Flyball, 9, EV 87.5 MPH)
|
|
Batting: LHB Matthew Bale
|
0-0: Hit by Pitch
|
|
Batting: RHB Kinya Nishimura
|
0-0: SINGLE (Line Drive, 6MD, EV 97.5 MPH) Matthew Bale to second Matthew Bale to third
|
|
Pitching: RHP Gabe Torres
|
|
|
Batting: RHB Peter Westover
|
0-0: Ball 1-0: Ground out 6-3 (Groundball, 6MD, EV 95.0 MPH) Matthew Bale scores Kinya Nishimura to second
|
|
Batting: RHB Dean LeCroy
|
0-0: Foul Ball, location: 2F 0-1: Swinging Strike 0-2: Strikes out swinging
|
| Bottom of the 3rd over - 1 run, 1 hit, 0 errors, 1 left on base; Greenville 0 - Burlington 6 |
| TOP OF THE 4TH |
|
Greenville Drive batting - Pitching for Burlington Bees : RHP Chris DePalma
|
|
Batting: LHB Nelis Geurts
|
0-0: Called Strike 0-1: Swinging Strike 0-2: Foul Ball, location: 2F 0-2: Fly out, F2 (Popup, 15S, EV 92.5 MPH)
|
|
Batting: RHB David Norum
|
0-0: Ball 1-0: Foul Ball, location: 2F 1-1: Ground out 6-3 (Groundball, 6M, EV 78.1 MPH)
|
|
Batting: SHB Greg Shaw
|
0-0: Called Strike 0-1: Ball 1-1: Ball 2-1: Fly out, F9 (Flyball, 9LS, EV 90.0 MPH)
|
| Top of the 4th over - 0 runs, 0 hits, 0 errors, 0 left on base; Greenville 0 - Burlington 6 |
| BOTTOM OF THE 4TH |
|
Burlington Bees batting - Pitching for Greenville Drive : RHP Gabe Torres
|
|
Batting: RHB Bryan Payne
|
0-0: Ball 1-0: Ball 2-0: Swinging Strike 2-1: Foul Ball, location: 2F 2-2: Strikes out looking
|
|
Batting: RHB Ryan Munro
|
0-0: Called Strike 0-1: Swinging Strike 0-2: Ball 1-2: Strikes out swinging
|
|
Batting: RHB Jon Griffin
|
0-0: Swinging Strike 0-1: Fly out, F8 (Flyball, 8RM, EV 90.6 MPH)
|
| Bottom of the 4th over - 0 runs, 0 hits, 0 errors, 0 left on base; Greenville 0 - Burlington 6 |
| TOP OF THE 5TH |
|
Greenville Drive batting - Pitching for Burlington Bees : RHP Chris DePalma
|
|
Batting: RHB Joel Vazquez
|
0-0: Swinging Strike 0-1: Ball 1-1: Swinging Strike 1-2: Foul Ball, location: 2F 1-2: Strikes out swinging
|
|
Batting: RHB Ted Emmerich
|
0-0: Called Strike 0-1: Ball 1-1: Swinging Strike 1-2: Ball 2-2: Foul Ball, location: 2F 2-2: Ball 3-2: Strikes out swinging, 2-3 out at first.
|
|
Batting: RHB Rogelio Cervantes
|
0-0: Ground out U3 (Groundball, 3, EV 106.2 MPH)
|
| Top of the 5th over - 0 runs, 0 hits, 0 errors, 0 left on base; Greenville 0 - Burlington 6 |
| BOTTOM OF THE 5TH |
|
Burlington Bees batting - Pitching for Greenville Drive : RHP Gabe Torres
|
|
Batting: LHB Griffin Ferris
|
0-0: Called Strike 0-1: Ball 1-1: Ball 2-1: Foul Ball, location: 2F 2-2: Fly out, F8 (Flyball, 8RD, EV 88.1 MPH)
|
|
Batting: LHB Brett Bugge
|
0-0: Called Strike 0-1: Ball 1-1: Ball 2-1: Ball 3-1: Fly out, F8 (Line Drive, 89M, EV 92.5 MPH)
|
|
Batting: LHB Matthew Bale
|
0-0: Ball 1-0: Called Strike 1-1: Swinging Strike 1-2: Ball 2-2: Strikes out swinging
|
| Bottom of the 5th over - 0 runs, 0 hits, 0 errors, 0 left on base; Greenville 0 - Burlington 6 |
| TOP OF THE 6TH |
|
Greenville Drive batting - Pitching for Burlington Bees : RHP Chris DePalma
|
|
Batting: LHB Stanislav Parusov
|
0-0: Ball 1-0: Foul Ball, location: 2F 1-1: Ball 2-1: Ball 3-1: Ground out 2-3 (Groundball, 13S, EV 65.0 MPH)
|
|
Batting: RHB Larry Brocato
|
0-0: Ball 1-0: Ball 2-0: Ball 3-0: Called Strike 3-1: Called Strike 3-2: Ground out 6-3 (Groundball, 6, EV 98.8 MPH)
|
|
Batting: SHB Carter Cromsie
|
0-0: Called Strike 0-1: Foul Ball, location: 2F 0-2: Foul Ball, location: 2F 0-2: Ball 1-2: Reached via error on a dropped throw from 3B, E3 (Groundball, 56, EV 91.2 MPH)
|
|
Pitching: RHP Tim Mumpower
|
|
|
Batting: LHB Nelis Geurts
|
0-0: Ball 1-0: Foul Ball, location: 2F 1-1: Ball 2-1: Foul Ball, location: 2F 2-2: Foul Ball, location: 2F Pickoff Throw to First - Out! 1-3
|
| Top of the 6th over - 0 runs, 0 hits, 1 error, 0 left on base; Greenville 0 - Burlington 6 |
| BOTTOM OF THE 6TH |
|
Burlington Bees batting - Pitching for Greenville Drive : RHP Gabe Torres
|
|
Pitching: RHP Wing-chiu Ya
|
|
|
Batting: RHB Kinya Nishimura
|
0-0: Called Strike 0-1: Foul Ball, location: 2F 0-2: Foul Ball, location: 2F 0-2: Strikes out swinging
|
|
Batting: RHB Peter Westover
|
0-0: Ball 1-0: Ball 2-0: Foul Ball, location: 2F 2-1: Swinging Strike 2-2: SINGLE (Groundball, 34D, EV 98.1 MPH)
|
|
Batting: RHB Dean LeCroy
|
0-0: Ball 1-0: Fly out, F8 (Flyball, 8LD, EV 86.2 MPH)
|
|
Batting: RHB Bryan Payne
|
0-0: Called Strike 0-1: Ball 1-1: Ball 2-1: Called Strike Peter Westover steals 2nd base 2-2: Fly out, F7 (Flyball, 7LM, EV 82.5 MPH)
|
| Bottom of the 6th over - 0 runs, 1 hit, 0 errors, 1 left on base; Greenville 0 - Burlington 6 |
| TOP OF THE 7TH |
|
Greenville Drive batting - Pitching for Burlington Bees : RHP Tim Mumpower
|
|
Batting: LHB Nelis Geurts
|
0-0: Ball 1-0: Foul Ball, location: 2F 1-1: Reached on error, E4 (Groundball, 4, EV 86.9 MPH)
|
|
Batting: RHB David Norum
|
0-0: Ball 1-0: DOUBLE (Groundball, 5L, EV 103.8 MPH) Nelis Geurts to third Runner from 3rd tries for Home, SAFE, no throw by LF
|
|
Batting: SHB Greg Shaw
|
0-0: TRIPLE (Flyball, 78XD, EV 110.6 MPH) David Norum scores
|
|
Pinch Hitting: LHB Danny Montoya
|
0-0: Called Strike 0-1: Foul Ball, location: 2F 0-2: Foul Ball, location: 2F 0-2: Strikes out swinging
|
|
Batting: RHB Ted Emmerich
|
0-0: Foul Ball, location: 2F 0-1: SINGLE (Line Drive, 6MD, EV 106.9 MPH) Greg Shaw scores
|
|
Pitching: RHP Troy Ingram
|
|
|
Batting: RHB Rogelio Cervantes
|
0-0: Foul Ball, location: 2F 0-1: Swinging Strike 0-2: Strikes out swinging
|
|
Batting: LHB Stanislav Parusov
|
0-0: Ball 1-0: Ball 2-0: Ball 3-0: Called Strike 3-1: Base on Balls Ted Emmerich to second
|
|
Batting: RHB Larry Brocato
|
0-0: Ball 1-0: SINGLE (Groundball, 56, EV 96.9 MPH) Ted Emmerich to third Stanislav Parusov to second Runner from 3rd tries for Home, SAFE, throw by LF to home
|
|
Batting: SHB Carter Cromsie
|
0-0: Ball 1-0: SINGLE (Flyball, 8LS, EV 88.8 MPH) Stanislav Parusov to third Larry Brocato to second Runner from 3rd tries for Home, SAFE, throw by CF to home
|
|
Batting: LHB Nelis Geurts
|
0-0: Ball 1-0: Ball 2-0: Foul Ball, location: 2F 2-1: Ground out 4-3 (Groundball, 4, EV 100.6 MPH)
|
| Top of the 7th over - 5 runs, 5 hits, 1 error, 2 left on base; Greenville 5 - Burlington 6 |
| BOTTOM OF THE 7TH |
|
Burlington Bees batting - Pitching for Greenville Drive : RHP Wing-chiu Ya
|
|
Now at 3B: Victor Orozco
|
|
|
Batting: RHB Ryan Munro
|
0-0: Foul Ball, location: 2F 0-1: Ball 1-1: Ball 2-1: Foul Ball, location: 2F 2-2: Foul Ball, location: 2F 2-2: Ball 3-2: Foul Ball, location: 2F 3-2: DOUBLE (Flyball, 8RXD, EV 100.0 MPH)
|
|
Batting: RHB Jon Griffin
|
0-0: SINGLE (Line Drive, 3D, EV 100.0 MPH) Ryan Munro to third
|
|
Batting: LHB Griffin Ferris
|
0-0: Ball 1-0: Swinging Strike 1-1: Ball 2-1: Foul Ball, location: 2F 2-2: Strikes out looking
|
|
Batting: LHB Brett Bugge
|
0-0: Called Strike 0-1: Foul Ball, location: 2F 0-2: Fielders Choice at 2nd, 6-4 (Groundball, 6, EV 84.4 MPH) Ryan Munro scores
|
|
Batting: LHB Matthew Bale
|
0-0: Ball 1-0: DOUBLE (Line Drive, 7LS, EV 95.0 MPH) Brett Bugge to third
|
|
Pitching: RHP Eddie Mosley
|
|
|
Batting: RHB Kinya Nishimura
|
0-0: Called Strike 0-1: Foul Ball, location: 2F 0-2: Ball 1-2: Reached on error, E5 (Groundball, 56S, EV 68.1 MPH) Brett Bugge scores Matthew Bale to third
|
|
Batting: RHB Peter Westover
|
0-0: SINGLE (Flyball, 8LS, EV 90.6 MPH) Matthew Bale scores Kinya Nishimura to second Runner from 2nd tries for 3rd, SAFE, throw by CF made to third
|
|
Batting: RHB Dean LeCroy
|
0-0: Called Strike 0-1: Ball 1-1: Foul Ball, location: 2F 1-2: Strikes out looking
|
| Bottom of the 7th over - 3 runs, 4 hits, 1 error, 2 left on base; Greenville 5 - Burlington 9 |
| TOP OF THE 8TH |
|
Greenville Drive batting - Pitching for Burlington Bees : RHP Troy Ingram
|
|
Pitching: RHP Chris Petrey
|
|
|
Batting: RHB David Norum
|
0-0: Foul Ball, location: 2F 0-1: Swinging Strike 0-2: Foul Ball, location: 2F 0-2: Ball 1-2: Foul Ball, location: 2F 1-2: SINGLE (Groundball, 56, EV 95.6 MPH)
|
|
Batting: SHB Greg Shaw
|
0-0: Fielders Choice at 2nd, 4-6 (Groundball, 4, EV 77.5 MPH)
|
|
Pinch Hitting: LHB John Criswell
|
0-0: Swinging Strike 0-1: Ball 1-1: Ball 2-1: Grounds into double play, 1-6-3 (Groundball, P, EV 71.9 MPH)
|
| Top of the 8th over - 0 runs, 1 hit, 0 errors, 0 left on base; Greenville 5 - Burlington 9 |
| BOTTOM OF THE 8TH |
|
Burlington Bees batting - Pitching for Greenville Drive : RHP Eddie Mosley
|
|
Now at 3B: David Norum
|
|
|
Now in LF: John Criswell
|
|
|
Batting: RHB Bryan Payne
|
0-0: Ball 1-0: Foul Ball, location: 2F 1-1: Ball 2-1: Swinging Strike 2-2: Strikes out swinging
|
|
Batting: RHB Ryan Munro
|
0-0: Ball 1-0: Ball 2-0: Ball 3-0: Called Strike 3-1: Foul Ball, location: 2F 3-2: Foul Ball, location: 2F 3-2: Strikes out looking
|
|
Batting: RHB Jon Griffin
|
0-0: Called Strike 0-1: Hit by Pitch
|
|
Batting: LHB Griffin Ferris
|
0-0: Foul Ball, location: 2F 0-1: Foul Ball, location: 2F 0-2: Foul Ball, location: 2F 0-2: Ground out 4-3 (Groundball, 34, EV 98.8 MPH)
|
| Bottom of the 8th over - 0 runs, 0 hits, 0 errors, 1 left on base; Greenville 5 - Burlington 9 |
| TOP OF THE 9TH |
|
Greenville Drive batting - Pitching for Burlington Bees : RHP Chris Petrey
|
|
Pitching: RHP Simon Vogel
|
|
|
Batting: RHB Ted Emmerich
|
0-0: Called Strike 0-1: Foul Ball, location: 2F 0-2: Ball 1-2: Ground out 5-3 (Groundball, 56S, EV 81.9 MPH)
|
|
Batting: RHB Rogelio Cervantes
|
0-0: Ball 1-0: Foul Ball, location: 2F 1-1: Ball 2-1: Ball 3-1: Base on Balls
|
|
Batting: LHB Stanislav Parusov
|
0-0: Swinging Strike 0-1: Fly out, F4 (Popup, 4, EV 65.6 MPH)
|
|
Batting: RHB Larry Brocato
|
0-0: Fielders Choice at 2nd, 6-4 (Groundball, 6, EV 88.8 MPH)
|
| Top of the 9th over - 0 runs, 0 hits, 0 errors, 1 left on base; Greenville 5 - Burlington 9 |
|